 Dungeon Crawl Stone Soup version 0.31-a0-835-g2a3a5bc3be (webtiles) character file.

Game seed: 12692895083453646279

60 Bnni the Digger (level 4, 0/32 HPs)
             Began as a Formicid Earth Elementalist on Sept 26, 2023.
             Was a Believer of Cheibriados.
             Killed from afar by an orc wizard (11 damage)
             ... with a puff of flame
             ... on level 2 of the Dungeon.
             The game lasted 00:03:15 (1170 turns).

Bnni the Digger (Formicid Earth Elementalist)       Turns: 1170, Time: 00:03:15

Health: 0/32       AC:  5    Str: 16    XL:     4   Next: 25%
Magic:  0/8        EV: 11    Int: 21    God:    Cheibriados [**....]
Gold:   157        SH:  0    Dex: 18    Spells: 5/8 levels left

rFire   . . .        d - +0 short sword
rCold   . . .        (no shield)
rNeg    . . .        h - +0 ring mail
rPois   .            (helmet unavailable)
rElec   .            (no cloak)
rCorr   .            (no gloves)
SInv    +            (no boots)
Will    .....        (no amulet)
Stlth   ++           i - ring of wizardry
HPRegen 0.25/turn    (no ring)
MPRegen 0.11/turn

%: wizardry (x1)
@: very slow
A: permanent stasis, dig shafts and tunnels, antennae 3, four strong arms
a: Dig, Shaft Self, Renounce Religion, Bend Time


You were on level 2 of the Dungeon.
You worshipped Cheibriados.
Cheibriados was pleased with you.
You visited 1 branch of the dungeon, and saw 2 of its levels.

You collected 157 gold pieces.

Inventory:

Hand Weapons
 d - a +0 short sword (weapon)
Armour
 e - a +0 chain mail
 h - a +0 ring mail (worn)
Jewellery
 i - a ring of wizardry (left hand)
Scrolls
 f - a scroll of amnesia {unknown}
Potions
 a - a potion of mutation {unknown}
 b - a potion of magic
 g - a potion of curing {unknown}


   Skills:
 + Level 1.1 Fighting
 - Level 1.7 Dodging
 - Level 2.4 Stealth
 + Level 2.7 Spellcasting
 * Level 1.1 Conjurations
 + Level 1.7 Transmutations
 * Level 4.3 Earth Magic
 + Level 1.0 Invocations


You had 5 spell levels left.
You knew the following spells:

 Your Spells              Type           Power      Damage    Failure   Level
a - Sandblast             Erth           42%        2d11      1%          1
b - Passwall              Tmut/Erth      12%        N/A       4%          2

Your spell library contained the following spells:

 Spells                   Type           Power      Damage    Failure   Level
 Wereblood                Tmut           10%        N/A       9%          2
 Apportation              Tloc           4%         N/A       11%         1
 Necrotise                Necr           8%         1d4       11%         1
 Summon Small Mammal      Summ           8%         N/A       11%         1
 Stone Arrow              Conj/Erth      28%        3d8       11%         3
 Sublimation of Blood     Necr           2%         N/A       16%         2
 Petrify                  Tmut/Erth      15%        N/A       28%         4
 Brom's Barrelling Bould  Conj/Erth      14%        2d4       32%         4
 Irradiate                Conj/Tmut      4%         3d13      82%         5
 Summon Forest            Summ/Tloc      1%         N/A       94%         5
 Eringya's Noxious Bog    Tmut/Pois      3%         4d6       100%        6
 Summon Hydra             Summ           1%         N/A       100%        7


Dungeon Overview and Level Annotations

Branches:
Dungeon (2/15)

Altars:
Cheibriados

Shops:
D:1 (


Innate Abilities, Weirdness & Mutations

You cannot be hasted, slowed, berserked, paralysed or teleported.
You can dig through walls and to a lower floor.
You have a pair of large antennae on your head. (SInv)
Your four strong arms can wield two-handed weapons with a shield.


Message History

The orc hits you with a +2 short sword of protection.
Aiming: Sandblast (safe; 2% risk of failure)
Press: ? - help, Q - select action, (/) - cycle Shift-Dir - straight line, f/p - orc
Aim: an orc, wielding a +2 short sword of protection and wearing a +0 leather armour (82% to hit)
The blast of sand hits the orc.
The orc is moderately wounded.
Aiming: Sandblast (safe; 2% risk of failure)
Press: ? - help, Q - select action, (/) - cycle Shift-Dir - straight line, f - orc priest, p - orc
Aim: an orc priest, wielding a +0 whip (82% to hit)
The blast of sand hits the orc priest!
The orc priest is severely wounded.
The orc priest hits you with a +0 whip. The orc wizard barely misses you.
The orc barely misses you.
Unknown command.
Aiming: Sandblast (safe; 2% risk of failure)
Press: ? - help, Q - select action, (/) - cycle Shift-Dir - straight line, f/p - orc priest
Aim: an orc priest, wielding a +0 whip (severely wounded, 82% to hit)
The blast of sand hits the orc priest!
You kill the orc priest!
Cheibriados appreciates the change of pace.
The orc priest calls upon Beogh to heal the orc.
The orc's wounds heal themselves!
The orc hits you but does no damage.
The orc wizard hits you with a +3 dagger.
The orc priest miscasts a cantrip.
The orc hits you with a +2 short sword of protection.
The orc wizard hits you but does no damage.
Your Fighting skill increases to level 1!
Your Conjurations skill increases to level 1!
Your Invocations skill increases to level 1!
You have reached level 4!
You feel clever.
Aiming: Sandblast (safe; 1% risk of failure)
Press: ? - help, Q - select action, (/) - cycle Shift-Dir - straight line, f - orc wizard
Aim: an orc wizard, wielding a +3 dagger and wearing a +0 robe (79% to hit)
The blast of sand hits the orc wizard.
The orc wizard is moderately wounded.
The orc hits you with a +2 short sword of protection.
The orc wizard gestures at you while chanting.
The puff of flame hits you!
You die...

##... ......# #....
....$.# #.............#
.> #.......#...#.#
#.##.......#.....
.####..............# ..
............ooo.#
.####.#.......##@#
.......^.........#.#.#
........#.......†....#
.#......†...#..........
............##.#.#.#.##
##.#..†.....##.#.#.# ..
##.....##...##$#.#.# .
##.#..##8...8#.... .
...#...##...##....


You could see an orc priest, an orc wizard and an orc.

Vanquished Creatures
  An orc priest (D:2)
  An orc (D:2)
  4 giant cockroaches
  3 goblins (D:1)
  5 hobgoblins
  2 jackals (D:1)
  2 quokkas (D:1)
  3 ball pythons (D:1)
  3 bats
  A rat (D:2)
25 creatures vanquished.

Notes
Turn   | Place    | Note
-------+----------+-------------------------------------------
     0 | D:1      | Bnni the Formicid Earth Elementalist began the quest for
                  | the Orb.
     0 | D:1      | Reached XP level 1. HP: 13/13 MP: 3/3
   176 | D:1      | Found a faded altar of an unknown god.
   184 | D:1      | Prayed at the altar of an unknown god.
   184 | D:1      | Became a worshipper of Cheibriados the Contemplative
   184 | D:1      | Reached * piety under Cheibriados
   384 | D:1      | Reached XP level 2. HP: 20/20 MP: 3/5
   512 | D:1      | Learned a level 2 spell: Passwall
   532 | D:1      | Found Jexeusuxt's Antique Weapon Shoppe.
   569 | D:1      | Reached skill level 4 in Earth Magic
   727 | D:1      | Reached XP level 3. HP: 25/25 MP: 4/6
   747 | D:1      | Reached ** piety under Cheibriados
  1170 | D:2      | Reached skill level 1 in Fighting
  1170 | D:2      | Reached skill level 1 in Conjurations
  1170 | D:2      | Reached skill level 1 in Invocations
  1170 | D:2      | Reached XP level 4. HP: 12/32 MP: 1/8
  1170 | D:2      | Killed from afar by an orc wizard

Illustrated notes

Levels and vault maps discovered:
D:1:      tarquinn_simple_flora_water_b, layout_loops_ring,
          ebering_ecumenical_altar_mist, serial_shops, shop_coins,
          nicolae_titane
D:2:      layout_basic, serial_corexii_hall, corexii_hall_statues_l,
          corexii_hall_statues_l, corexii_hall_statues_l,
          corexii_hall_statues_i, minmay_misc_feat_cross

Skill      XL: |  1  2  3 |
---------------+----------+-----
Earth Magic    | 4 |  4.3
Fighting       | 1 |  1.1
Conjurations   | 1 |  1.1
Invocations    | 1 |  1.0
Dodging        | |  1.7
Stealth        | |  2.4
Spellcasting   | |  2.7
Transmutations | |  1.7

Action                     |  1- 3 |  4- 6 || total
---------------------------+-------+-------++-------
  Melee: Unarmed           |    10 |       ||    10
   Cast: Sandblast         |    37 |     1 ||    38
 Armour: Robe              |     5 |       ||     5
         Ring mail         |    10 |     2 ||    12
  Dodge: Dodged            |    15 |       ||    15

Table legend: (Time is in decaauts)
 A = Elapsed time spent in this place.
 B = Non-inter-level travel time spent in this place.
 C = Inter-level travel time spent in this place.
 D = Time resting spent in this place.
 E = Time spent auto-exploring this place.
 F = Levels seen in this place.
 G = Mean time per level.
                   A        B        C        D        E       F      G
               +--------+--------+--------+--------+--------+-----+--------+
         Total |   1465 |   1399 |     66 |     32 |   1163 |   2 |  732.5 |
       Dungeon |   1465 |   1399 |     66 |     32 |   1163 |   2 |  732.5 |
               +--------+--------+--------+--------+--------+-----+--------+

Top non-repeatable levels by time:
     D:1: 1191 daAuts
     D:2: 273 daAuts
